 Dungeon Crawl Stone Soup version 0.31-a0-1068-g5939ac1fb6 (webtiles) character file.

Game seed: 13462152586691568348

1693540 hitsuchi the Maledictor (level 24, 117/117 (123) HPs)
             Began as a Spriggan Enchanter on Nov 19, 2023.
             Was the Champion of Ru.
             Escaped with the Orb
             ... and 3 runes on Nov 23, 2023!
             The game lasted 03:03:16 (62697 turns).

hitsuchi the Maledictor (Spriggan Enchanter)       Turns: 62697, Time: 03:03:16

HP:   117/117 (123) AC:  7    Str:  3 (4)  XL:     24   Next: 59%
MP:   39/39         EV: 43    Int: 17 (18) God:    Ru [******]
Gold: 6265          SH:  2    Dex: 23      Spells: 4/65 levels left

rFire   + . .        a - +8 dagger (elec)
rCold   + . .        H - orb {guile}
rNeg    + . .        y - +1 robe of Curiosity {rElec rN+ Will+}
rPois   +            I - +2 hat
rElec   +            K - scarf {rC+ rF+}
rCorr   +            (gloves unavailable)
SInv    +            (boots unavailable)
Will    +++..        F - amulet of regeneration
Stlth   +++          k - ring of the Octopus King {rCorr HP+2 AC+2 EV+2 SH+2}
HPRegen 1.19/turn    U - ring "Quosap" {rElec rPois Will+ Int-3 Dex+5}
MPRegen 0.26/turn

%: random rage (3%)
@: lightly drained, very quick
A: very small, no large weapons, unfitting armour, see invisible, speed 3,
inability to drink after injury 2, inability to use devices, inability to train
armour, weak-willed 1, no forms, berserk 1, clumsy 1, deterioration 1, dopey 1,
low MP 2
0: Orb of Zot
}: 3/15 runes: decaying, serpentine, silver
a: Renounce Religion, Draw Out Power, Power Leap, Apocalypse


You escaped.
You worshipped Ru.
Ru was exalted by your worship.
You visited 10 branches of the dungeon, and saw 46 of its levels.
You visited 1 bazaar.
You also visited: Sewer, Ice Cave and Desolation.

You collected 8116 gold pieces.
You spent 1851 gold pieces at shops.

Inventory:

Hand Weapons
 a - a +8 dagger of electrocution (weapon)
Missiles
 l - 95 poisoned darts (quivered)
 x - 9 curare-tipped darts
 D - 5 throwing nets
Armour
 y - the +1 robe of Curiosity (worn) {rElec rN+ Will+}
   (You bought it in a shop on level 2 of the Dungeon)

   rElec:     It insulates you from electricity.
   rN+:       It protects you from negative energy.
   Will+:     It increases your willpower.
 H - an orb of guile (worn)
 I - a +2 hat (worn)
 K - a scarf of resistance (worn)
 W - a +2 cloak of willpower
Jewellery
 b - a ring of wizardry
 k - a ring of the Octopus King (left hand) {rCorr HP+2 AC+2 EV+2 SH+2}
   (You found it on level 2 of the Lair of Beasts)

   [ring of resist corrosion]

   AC+2:      It affects your AC (+2).
   EV+2:      It affects your evasion (+2).
   HP+2:      It affects your health (+2).
   rCorr:     It protects you from acid and corrosion.
   SH+2:      It affects your SH (+2).
 p - a ring of protection from cold
 B - a ring of willpower
 F - an amulet of regeneration (around neck)
 M - an amulet of reflection
 N - a ring of ice
 R - a ring of positive energy
 T - a ring of poison resistance
 U - the ring "Quosap" (right hand) {rElec rPois Will+ Int-3 Dex+5}
   (You took it off a servant of whispers in the Desolation of Salt)

   [ring of willpower]

   Int-3:     It affects your intelligence (-3).
   Dex+5:     It affects your dexterity (+5).
   rElec:     It insulates you from electricity.
   rPois:     It protects you from poison Will+: It increases your willpower.
 V - a ring of protection from cold
 X - a ring of protection from cold
 Y - an amulet of the acrobat
 Z - a ring of protection from fire
Scrolls
 e - 3 scrolls of noise
 h - 8 scrolls of immolation
 j - 6 scrolls of vulnerability
 m - 6 scrolls of fear
 o - 31 scrolls of teleportation
 q - 10 scrolls of poison
 t - 6 scrolls of blinking
 v - 10 scrolls of enchant armour
 z - 4 scrolls of fog
 A - 3 scrolls of brand weapon
 E - 4 scrolls of torment
 G - a scroll of revelation
 J - 3 scrolls of amnesia
 O - 6 scrolls of silence
 Q - 2 scrolls of summoning
Potions
 c - 4 potions of invisibility
 d - 7 potions of attraction
 f - 24 potions of curing
 g - 9 potions of haste
 i - 11 potions of heal wounds
 n - 6 potions of might
 r - 6 potions of ambrosia
 s - 7 potions of mutation
 u - 6 potions of berserk rage
 w - 6 potions of magic
 C - 5 potions of brilliance
 L - 3 potions of enlightenment
 P - 2 potions of cancellation
 S - 2 potions of resistance


   Skills:
 + Level 10.5 Fighting
 + Level 18.5 Short Blades
 + Level 22.5 Dodging
 - Level 24.0 Stealth
 - Level 21.0 Spellcasting
 - Level 8.0 Conjurations
 - Level 24.0 Hexes
 - Level 24.0 Translocations
 - Level 15.0 Transmutations
 - Level 4.0 Ice Magic


You had 4 spell levels left.
You knew the following spells:

 Your Spells              Type           Power      Damage    Failure   Level
a - Ensorcelled Hibernat  Hex/Ice        100%       N/A       0%          2
b - Confusing Touch       Hex            78%        N/A       0%          3
c - Tukima's Dance        Hex            78%        N/A       0%          3
d - Discord               Hex            39%        N/A       1%          8
e - Yara's Violent Unrav  Hex/Tmut       35%        3d14      1%          5
f - Enfeeble              Hex            39%        N/A       1%          7
g - Metabolic Englaciati  Hex/Ice        30%        N/A       1%          5
h - Irradiate             Conj/Tmut      27%        3d20      1%          5
i - Disjunction           Tloc           39%        N/A       1%          8
j - Dispersal             Tloc           39%        N/A       1%          6
A - Apportation           Tloc           100%       N/A       0%          1
B - Blink                 Tloc           100%       N/A       0%          2
G - Passage of Golubria   Tloc           78%        N/A       0%          4
P - Passwall              Tmut/Erth      35%        N/A       1%          2

Your spell library contained the following spells:

 Spells                   Type           Power      Damage    Failure   Level
 Slow                     Hex            100%       N/A       0%          1
 Jinxbite                 Hex            100%       N/A       0%          2
 Lesser Beckoning         Tloc           100%       N/A       0%          2
 Momentum Strike          Conj/Tloc      100%       3d10      0%          2
 Wereblood                Tmut           62%        N/A       0%          2
 Dazzling Flash           Conj/Hex       100%       N/A       0%          3
 Gell's Gravitas          Tloc           78%        N/A       0%          3
 Sigil of Binding         Hex            78%        N/A       0%          3
 Teleport Other           Tloc           78%        N/A       0%          3
 Cause Fear               Hex            39%        N/A       0%          4
 Dimensional Bullseye     Hex/Tloc       39%        N/A       0%          4
 Manifold Assault         Tloc           78%        N/A       0%          4
 Foxfire                  Conj/Fire      100%       2x1d9     1%          1
 Freeze                   Ice            100%       1d10      1%          1
 Kiss of Death            Conj/Necr      100%       2d13      1%          1
 Shock                    Conj/Air       100%       1d9       1%          1
 Static Discharge         Conj/Air       62%        3-6/arc   1%          2
 Frozen Ramparts          Ice            62%        1d10      1%          3
 Hailstorm                Conj/Ice       38%        3d9       1%          3
 Ignite Poison            Fire/Tmut/Pois 34%        N/A       1%          3
 Inner Flame              Hex/Fire       55%        N/A       1%          3
 Volatile Blastmotes      Fire/Tloc      100%       2d18      1%          3
 Anguish                  Hex/Necr       27%        N/A       1%          4
 Fulminant Prism          Conj/Hex       32%        3d15      1%          4
 Iskenderun's Mystic Bla  Conj/Tloc      64%        2d13      1%          4
 Vhi's Electric Charge    Tloc/Air       100%       N/A       1%          4
 Necrotise                Necr           68%        1d7       2%          1
 Summon Small Mammal      Summ           68%        N/A       2%          1
 Mephitic Cloud           Conj/Pois/Air  26%        N/A       2%          3
 Cigotuvi's Dreadful Rot  Necr/Pois/Air  34%        N/A       4%          2
 Flame Wave               Conj/Fire      31%        2d9       5%          4
 Sticky Flame             Conj/Fire      31%        2d5       5%          4
 Vampiric Draining        Necr           17%        2d7       9%          3
 Summon Ice Beast         Ice/Summ       24%        N/A       12%         4
 Airstrike                Air            8%         2d(2-18)  26%         4
 Animate Dead             Necr           17%        N/A       26%         4
 Dispel Undead            Necr           17%        3d10      26%         4
 Summon Lightning Spire   Summ/Air       17%        N/A       26%         4
 Silence                  Hex/Air        27%        N/A       1%          5
 Summon Forest            Summ/Tloc      27%        N/A       1%          5
 Summon Mana Viper        Hex/Summ       55%        N/A       1%          5
 Alistair's Intoxication  Tmut/Pois      28%        N/A       3%          5
 Arcjolt                  Conj/Air       15%        1d25      14%         5
 Freezing Cloud           Conj/Ice/Air   15%        6-21      14%         5
 Eringya's Noxious Bog    Tmut/Pois      21%        4d6       19%         6
 Borgnjor's Vile Clutch   Necr/Erth      8%         N/A       58%         5
 Simulacrum               Ice/Necr       12%        N/A       88%         6
 Death Channel            Necr           8%         N/A       99%         6
 Summon Cactus Giant      Summ           8%         N/A       99%         6
 Ozocubu's Refrigeration  Ice            15%        4d10      99%         7
 Haunt                    Necr/Summ      8%         N/A       100%        7
 Monstrous Menagerie      Summ           8%         N/A       100%        7
 Summon Hydra             Summ           8%         N/A       100%        7
 Ignition                 Fire           8%         3d5       100%        8
 Infestation              Necr           8%         N/A       100%        8
 Maxwell's Capacitive Co  Air            8%         ∞         100%        8
 Polar Vortex             Ice            15%        12d2*     100%        9


Dungeon Overview and Level Annotations

Branches:
Dungeon (15/15)            Temple (1/1) D:6            Lair (5/5) D:10
  Swamp (4/4) Lair:2        Snake (4/4) Lair:3        Slime (0/5) Lair:5
    Orc (2/2) D:9             Elf (1/3) Orc:2        Vaults (5/5) D:13
  Crypt (0/3) Vaults:3     Depths (4/4) D:15            Zot (5/5) Depths:4
  Sewer (visited)           IceCv (visited)         Desolation (visited)

Altars:
Ashenzari
Cheibriados
Dithmenos
Elyvilon
Fedhas
Gozag
Hepliaklqana
Kikubaaqudgha
Makhleb
Nemelex Xobeh
Okawaru
Qazlal
Ru
Sif Muna
Trog
Uskayaw
Vehumet
Wu Jian
Xom
Yredelemnul
Zin
The Shining One
Jiyva

Shops:
D:2 :[[(   D:5 [   D:10 *   Orc:2 [(((   Elf:1 ![[((   Snake:1 (   Snake:2 [:
Snake:3 :[   Vaults:3 (   Depths:2 (

Portals:
Hell: Depths:1 Depths:2 Depths:3 Depths:4
Abyss: Depths:1 Depths:3
Pandemonium: Depths:1 Depths:2
Ziggurat: Depths:4
Trove: D:12 (give +5 ice dragon scales)

Annotations:
D:10 2 transporters, dertzug's ghost, novice TrSh
D:15 4 exclusions
Lair:1 1 runed translucent door, exclusion: oklob plant, mojasp's ghost, journeyman OpSh
Vaults:5 Mara; Margery
Depths:4 5 runed translucent doors
Zot:4 exclusion: 4 doors
Zot:5 1 runed translucent door, exclusion: door, dertzug's ghost, master MiFi


Innate Abilities, Weirdness & Mutations

You are very small and have problems with some larger weapons.
You are too small for most types of armour.
You have supernaturally acute eyesight. (SInv)
You cover ground extremely quickly. (Speed+++)
You sometimes lose the ability to drink potions when taking damage.
You cannot study or use magical devices.
You cannot train Armour skill.
You are slightly weak-willed. (Will-)
You cannot voluntarily change form.
You sometimes lose your temper in combat.
You are clumsy. (Dex -2)
Your body sometimes deteriorates upon taking damage.
You are dopey. (Int -2)
Your magical capacity is very low. (-20% MP)


Message History

There is a stone staircase leading up here.
You climb upwards.
There is a stone staircase leading down here.
There is an escape hatch in the ceiling here.
A mysterious force pulls you upwards. The hatch slams shut behind you.
You see here a +0 whip.
There is an open door here.
An Orb Guardian comes into view.
There is an open door here.
The Orb Guardian misses you.
The Orb Guardian attacks as it pursues you!
The Orb Guardian hits you!!!
You focus your inner power and blind the Orb Guardian in retribution!
Casting: Dispersal (safe; 1% risk of failure)
Confirm with . or Enter, or press ? or * to list all spells.
The Orb Guardian closely misses you.
The Orb Guardian is no longer blind.
There is a stone staircase leading up here.
The Orb Guardian blinks!
You climb upwards.
There is a stone staircase leading down here.
The translocation energy dissipates.
There is a stone staircase leading up here.
You climb upwards.
There is a stone staircase leading down here.
There is an escape hatch in the floor here.
There is an escape hatch in the ceiling here.
A mysterious force pulls you upwards. The hatch slams shut behind you.
You see here a +0 leather armour.
There is an open door here.
There is a stone staircase leading up here.
HP restored.
Magic restored.
You climb upwards.
There is a stone staircase leading down here.
The lorocyproca hits the plant.
The plant begins to die.
The lorocyproca hits the plant!!!
A nearby plant withers and dies.
There is a staircase leading out of the dungeon here.
The lorocyproca hits the plant!
The plant begins to die.
You have escaped! #.# #.##### #####.###..†... #........###### #..##..#.##.... #..##..#.##.... #..#...#.##.(.. ############..#.#.#.##.... #PPPPPPPPPPPPPPPPP..##.... #PPPPPP..@..PPPPPP######†# #PPPP..PPPPP..PPPP# #.# ##### #PPP.PPP.2.PPP.PPP# #.. #...# #PPP.PP.PPP.PP.PPP##

### #...# #PP.PP.PP.PP.PP.P..####
#...####PP.P.PP.P.PP.P..P....####
........PP.P.P.PPP.P.P...........
........PP.P.PP.P.PP.P.PP....##..
........PP.PP.PP.PP.PP.P..#####.#


You could see a lorocyproca (invisible).

Vanquished Creatures
  A juggernaut (Zot:2)
  Parghit (Zot:3)
  A Killer Klown (Zot:5)
  Frederick (Vaults:4)
  3 caustic shrikes
  6 golden dragons
  A bone dragon (Depths:4)
  7 tentacled monstrosities
  14 Orb Guardians (Zot:5)
  2 liches (Depths:1)
  Rupert (D:14)
  2 titans
  3 sphinxes
  3 quicksilver dragons
  Frances (Elf:1)
  9 storm dragons
  11 death cobs
  Kirke (Lair:3)
  A tengu reaver (Depths:1)
  3 thorn hunters
  6 shadow dragons
  A nagaraja (Snake:4)
  6 draconian monks
  6 fire giants
  Donald (Swamp:4)
  3 draconian knights
  2 draconian scorchers
  A ghost moth (Zot:5)
  2 imperial myrmidons (Desolation)
  12 vault wardens
  5 frost giants
  5 angels
  Louise (Swamp:2)
  A ghoul (Swamp:4)
  4 orc warlords
  An ironbound preserver (Vaults:2)
  A formless jellyfish (Vaults:2)
  A war gargoyle (Vaults:3)
  3 spriggan defenders
  6 very ugly things
  6 draconian annihilators
  A reaper (Depths:3)
  4 vampire knights
  4 ironbound thunderhulks
  3 stone giants
  6 green draconians
  4 eleionomae
  A black draconian (Depths:4)
  7 yellow draconians
  A halazid warlock (Desolation)
  2 spark wasps (Depths:1)
  7 dire elephants
  2 purple draconians
  3 red draconians
  2 bunyips (Swamp:4)
  A deep elf annihilator (Elf:1)
  Snorg (Lair:4)
  A blizzard demon (Depths:1)
  4 white draconians
  9 ettins
  A green death (Depths:2)
  9 fire dragons
  7 ragged hierophants (Desolation)
  8 servants of whispers (Desolation)
  4 yaktaur captains
  3 rakshasas
  A shambling mangrove (Swamp:4)
  4 vault guards
  A hell beast (Depths:1)
  8 peacekeepers
  4 great orbs of eyes
  5 ice dragons
  10 alligators
  7 centaur warriors
  A catoblepas (Lair:5)
  13 hydras
  12 anacondas
  4 ironbound frosthearts
  2 spriggan air magi (Depths:3)
  2 boulder beetles
  5 deep troll shamans
  5 two-headed ogres
  4 dancing weapons (Elf:1)
  2 tengu warriors
  A shock serpent (Snake:1)
  A vampire mage (Depths:1)
  9 naga warriors
  7 naga sharpshooters
  4 deep troll earth magi
  7 spriggan berserkers
  10 death yaks
  2 orc high priests
  A hell knight (Depths:4)
  2 soul eaters (Depths:3)
  3 deep elf knights (Elf:1)
  Amaemon (Lair:2)
  An occultist (Depths:2)
  2 spriggans
  A titan skeleton (Depths:1)
  An iron troll (Depths:2)
  4 skeletal warriors
  3 goliath frogs
  A spark wasp zombie (Depths:1)
  2 salamander mystics
  2 sea snakes (Snake:1)
  2 spriggan druids
  28 deep trolls
  4 bog bodies
  A glowing orange brain (Depths:2)
  A quicksilver dragon simulacrum (Depths:3)
  An orb spider (shapeshifter) (Vaults:2)
  Pikel (D:6)
  A flayed ghost (Depths:1)
  12 ironbound convokers
  11 lindwurms
  A phantasmal warrior (Vaults:3)
  4 necromancers
  5 swamp dragons
  5 arcanists
  A mana viper (shapeshifter) (Vaults:5)
  7 deep elf zephyrmancers (Elf:1)
  3 orc knights
  43 ugly things
  3 orc sorcerers (Orc:2)
  6 deep elf pyromancers
  2 will-o-the-wisps
  5 mana vipers
  6 cyclopes
  14 moths of wrath
  A salamander (shapeshifter) (D:13)
  2 manticores
  12 naga magi
  13 salamanders
  34 elephants
  An eye of devastation (shapeshifter) (D:14)
  21 black mambas
  Maurice (D:8)
  5 gargoyles
  4 guardian serpents
  An orange demon (Lair:2)
  A smoke demon (Depths:1)
  14 vault sentinels
  2 torpor snails
  13 cane toads
  3 ice statues (IceCv)
  13 komodo dragons
  3 molten gargoyles (Desolation)
  Jeremiah (D:6)
  14 yaktaurs
  An anaconda simulacrum (IceCv)
  A yaktaur (shapeshifter) (Depths:2)
  A komodo dragon (shapeshifter) (D:13)
  4 tengu conjurers
  An unseen horror (shapeshifter) (D:14)
  8 trolls
  A polar bear (Lair:4)
  3 tyrant leeches
  A bloated husk (Swamp:1)
  A tarantella (Vaults:1)
  Grinder (D:3)
  4 hornets
  15 blink frogs
  59 saltlings
  Prince Ribbit (D:7)
  3 shadows
  Sigmund (D:6)
  An air elemental (Elf:1)
  31 slime creatures
  A dire elephant simulacrum (IceCv)
  41 yaks
  Eustachio (D:4)
  4 fire elementals (Elf:1)
  4 water elementals (Depths:2)
  8 wyverns
  19 humans (D:13)
  4 basilisks
  Menkaure (D:4)
  A steam dragon (D:6)
  4 vampire mosquitoes
  2 death yak simulacra (IceCv)
  A warg (Orc:1)
  Edmund (D:5)
  17 swamp worms
  A swamp worm (shapeshifter) (Depths:2)
  13 water moccasins
  26 nagas
  2 acid dragons
  Duvessa (D:4)
  9 orc warriors
  An ice beast (D:5)
  4 swamp drakes (Swamp:4)
  3 black bears
  2 sky beasts (D:7)
  An ettin simulacrum (Depths:3)
  5 wolves (Lair:5)
  10 centaurs
  4 ogres
  Blork the orc (D:4)
  9 kobold brigands
  10 bullfrogs
  2 gnoll sergeants
  A human simulacrum (Depths:1)
  8 jellies
  An earth elemental (Elf:1)
  6 scorpions
  12 wights
  2 elephant simulacra (IceCv)
  Dowan (D:4)
  24 killer bees
  9 electric eels
  4 howler monkeys
  A crimson imp (D:5)
  2 orc priests
  2 gnoll boudas
  4 hounds
  3 iguanas
  A sleepcap (D:8)
  17 orc wizards
  A polar bear simulacrum (IceCv)
  2 wolf simulacra (IceCv)
  Robin (D:4)
  A mummy (D:13)
  29 gnolls
  5 adders
  2 river rats (Sewer)
  3 white imps
  2 ufetubi (D:7)
  4 worms
  4 dart slugs
  45 orcs
  10 ball pythons
  5 bats
  18 endoplasms
  2 giant cockroaches (D:1)
  45 goblins
  31 hobgoblins
  4 jackals
  4 quokkas
  13 frilled lizards
  33 kobolds
  9 rats
  A butterfly (D:6)
1445 creatures vanquished.

Vanquished Creatures (collateral kills)
  2 Killer Klowns
  A caustic shrike (Depths:3)
  Vashnia (Snake:4)
  A golden dragon (Zot:5)
  An electric golem (Zot:1)
  3 tentacled monstrosities
  2 liches
  6 Orb Guardians (Zot:5)
  A walking frostbound tome (Depths:3)
  2 sphinxes (Vaults:4)
  2 titans (Vaults:5)
  A death cob (Zot:1)
  2 shadow dragons
  A thorn hunter (Swamp:4)
  2 tengu reavers (Vaults:5)
  2 storm dragons
  2 draconian monks (Zot:1)
  2 nagarajas (Snake:4)
  3 fire giants
  4 draconian scorchers
  5 vault wardens
  11 ironbound preservers
  An angel (Zot:2)
  A balrug (Depths:3)
  5 draconian annihilators
  A draconian shifter (Zot:2)
  2 orc warlords (Vaults:1)
  2 draconian stormcallers
  2 ghouls (Swamp:4)
  A formless jellyfish (Vaults:3)
  5 very ugly things
  A war gargoyle (Depths:3)
  2 green draconians
  8 red draconians
  6 dire elephants
  2 black draconians (Zot:2)
  A halazid warlock (Desolation)
  3 purple draconians
  5 yellow draconians
  7 white draconians
  2 ettins (Vaults:5)
  An eidolon (Vaults:3)
  9 yaktaur captains
  A shambling mangrove (Swamp:3)
  5 deep elf high priests
  A salamander tyrant (Snake:4)
  2 entropy weavers
  2 ice dragons (Depths:3)
  A servant of whispers (Desolation)
  2 spriggan air magi (Depths:3)
  6 hydras (Swamp:4)
  24 vault guards
  A peacekeeper (Vaults:4)
  4 anacondas (Snake:4)
  A ghost crab (Swamp:3)
  5 ironbound frosthearts
  An alligator (Swamp:3)
  6 naga warriors
  2 centaur warriors (Vaults:3)
  3 deep troll shamans (Depths:3)
  10 spriggan berserkers
  3 orc high priests
  9 tengu warriors
  5 hell hogs (Depths:3)
  2 deep troll earth magi (Depths:3)
  A soul eater (Depths:3)
  2 shock serpents (Snake:4)
  2 spriggans (Depths:3)
  12 hell knights
  3 naga sharpshooters
  2 deep elf knights (Elf:1)
  6 iron trolls (Depths:3)
  2 sun demons (Depths:3)
  A goliath frog (Swamp:3)
  A salamander mystic (Snake:4)
  A skeletal warrior (Depths:3)
  A spriggan druid (Swamp:4)
  23 deep trolls
  4 swamp dragons
  5 arcanists
  2 flayed ghosts (Depths:2)
  A phantasmal warrior (Vaults:5)
  6 glowing orange brains
  3 naga ritualists (Snake:4)
  6 lindwurms
  2 necromancers
  15 ironbound convokers
  2 deep elf archers (Elf:1)
  5 deep elf pyromancers (Elf:1)
  2 will-o-the-wisps
  7 deep elf zephyrmancers (Elf:1)
  2 mana vipers (Snake:4)
  5 orc sorcerers
  13 orc knights
  10 ugly things
  A cyclops (Orc:2)
  3 moths of wrath
  8 salamanders (Snake:4)
  4 naga magi
  8 guardian serpents
  7 vault sentinels
  5 black mambas
  An ice statue (Depths:3)
  A torpor snail (Swamp:3)
  2 freezing wraiths
  23 yaktaurs
  An ice devil (Depths:3)
  A troll (Orc:2)
  4 hornets
  4 dancing weapons
  4 tyrant leeches
  5 saltlings (Desolation)
  An air elemental (Elf:1)
  16 slime creatures
  A wraith (Vaults:3)
  A fire elemental (Elf:1)
  7 vampire mosquitoes
  3 redbacks
  6 wargs (Orc:2)
  5 swamp worms
  29 nagas
  2 swamp drakes (Swamp:4)
  2 ettin simulacra (Depths:3)
  11 orc warriors (Orc:2)
  2 ogres (Orc:2)
  2 kobold brigands (Sewer)
  A necrophage (Swamp:4)
  An earth elemental (Elf:1)
  A wight (D:8)
  An electric eel (Snake:1)
  7 orc priests
  7 orc wizards
  3 gnolls
  27 orcs
  An endoplasm (Sewer)
  4 goblins
  A kobold (D:6)
  3 butterflies (Zot:2)
594 creatures vanquished.

Vanquished Creatures (others)
  3 Killer Klowns
  3 tentacled monstrosities
  An Orb Guardian (Zot:5)
  A shadow dragon (Vaults:5)
  A tengu reaver (Depths:3)
  A draconian monk (Zot:1)
  A fire giant (Vaults:5)
  A draconian scorcher (Zot:1)
  A draconian stormcaller (Zot:1)
  A draconian annihilator (Zot:1)
  2 ironbound preservers
  A stone giant (Depths:2)
  A war gargoyle (Vaults:5)
  4 very ugly things
  A deep elf annihilator (Vaults:1)
  3 black draconians (Zot:2)
  A deep elf demonologist (Depths:3)
  An eleionoma (Swamp:4)
  A red draconian (Zot:2)
  A white draconian (Zot:1)
  A purple draconian (Depths:4)
  A blizzard demon (Depths:3)
  A deep elf death mage (Elf:1)
  An ettin (Vaults:5)
  A ragged hierophant (Desolation)
  3 vault guards
  A salamander tyrant (Snake:4)
  An ice dragon (Depths:2)
  A spriggan air mage (Depths:3)
  A centaur warrior (Vaults:3)
  A hydra (Swamp:4)
  An ironbound frostheart (Vaults:1)
  A naga warrior (Snake:3)
  A hell hog (Depths:3)
  2 tengu warriors (Depths:3)
  A naga sharpshooter (Snake:4)
  A spriggan berserker (Depths:4)
  3 hell knights
  A sun demon (Depths:3)
  A deep elf knight (Elf:1)
  A skeletal warrior (Depths:3)
  An iron troll (Depths:3)
  4 deep trolls
  A quicksilver dragon simulacrum (Depths:3)
  2 salamander mystics (Snake:4)
  A glowing orange brain (Depths:3)
  2 naga ritualists (Snake:4)
  2 swamp dragons (Swamp:4)
  A deep elf archer (Elf:1)
  An ugly thing (Vaults:1)
  An orc knight (Vaults:1)
  A lindwurm (Vaults:1)
  2 deep elf zephyrmancers (Elf:1)
  3 salamanders
  A moth of wrath (Zot:5)
  A vault sentinel (Vaults:4)
  3 guardian serpents
  A torpor snail (Swamp:3)
  A yaktaur (Vaults:2)
  An ice devil (Depths:3)
  2 tyrant leeches (Swamp:3)
  A bloated husk (Swamp:2)
  4 saltlings (Desolation)
  5 slime creatures
  13 dancing weapons
  2 nagas (Snake:3)
  An orc warrior (Orc:2)
  2 ettin simulacra (Depths:3)
  An orc priest (Orc:2)
  An orc (D:13)
  2 goblins (D:6)
  A hobgoblin (D:6)
  20 foxfires
141 creatures vanquished.

Grand Total: 2180 creatures vanquished

Notes
Turn   | Place    | Note
-------+----------+-------------------------------------------
     0 | D:1      | hitsuchi the Spriggan Enchanter began the quest for the
                  | Orb.
     0 | D:1      | Reached XP level 1. HP: 9/9 MP: 5/5
   176 | D:1      | Reached XP level 2. HP: 13/13 MP: 6/6
   179 | D:1      | Learned a level 2 spell: Ensorcelled Hibernation
   397 | D:1      | Found a faded altar of an unknown god.
   618 | D:1      | Reached XP level 3. HP: 16/16 MP: 8/8
   671 | D:1      | Reached skill level 1 in Ice Magic
   977 | D:2      | Found Iraclyly's Antique Armour Boutique.
   986 | D:2      | Found Fiettigi's Armour Shoppe.
  1116 | D:2      | Found Ynyotiv's Book Emporium.
  1143 | D:2      | Reached skill level 5 in Hexes
  1203 | D:2      | Found a sparkling altar of Nemelex Xobeh.
  1383 | D:2      | Found Iweoskuh's Antique Weapon Shop.
  1632 | D:2      | Reached XP level 4. HP: 21/21 MP: 9/9
  1806 | D:2      | Found Esizak's Magic Scroll Emporium.
  1809 | D:2      | Bought a scroll of identify for 20 gold pieces
  1809 | D:2      | Bought a scroll of blinking for 75 gold pieces
  1835 | D:3      | Noticed Grinder
  1923 | D:3      | Killed Grinder
  1924 | D:3      | Reached XP level 5. HP: 13/24 MP: 10/10
  1924 | D:3      | Reached XP level 6. HP: 15/28 MP: 11/11
  1974 | D:3      | Learned a level 3 spell: Confusing Touch
  1978 | D:3      | Learned a level 3 spell: Tukima's Dance
  2187 | D:3      | Found a white marble altar of Elyvilon.
  2399 | D:3      | Found a glowing drain.
  2453 | Sewer    | Entered a sewer
  2943 | Sewer    | Reached skill level 5 in Spellcasting
  2943 | Sewer    | Reached XP level 7. HP: 32/32 MP: 8/15
  3403 | Sewer    | Reached skill level 5 in Stealth
  3714 | Sewer    | Reached XP level 8. HP: 25/36 MP: 5/18
  4447 | D:4      | Noticed Menkaure
  4466 | D:4      | Killed Menkaure
  4606 | D:4      | Reached skill level 5 in Dodging
  4620 | D:4      | Noticed Eustachio
  4696 | D:4      | Killed Eustachio
  4773 | D:4      | Noticed Blork the orc
  4784 | D:4      | Killed Blork the orc
  4931 | D:4      | Noticed Robin
  5102 | D:4      | Killed Robin
  5202 | D:4      | Noticed Duvessa
  5206 | D:4      | Noticed Dowan
  5209 | D:4      | Killed Duvessa
  5211 | D:4      | Killed Dowan
  5212 | D:4      | Reached skill level 5 in Short Blades
  5475 | D:2      | Bought a fine robe for 142 gold pieces
  5475 | D:2      | Identified the +1 robe of Curiosity {rElec rN+ Will+} (You
                  | bought it in a shop on level 2 of the Dungeon)
  5547 | D:5      | Entered Level 5 of the Dungeon
  5563 | D:5      | Found Rasul Ibe's Antique Armour Shop.
  5911 | D:5      | Reached XP level 9. HP: 37/39 MP: 5/19
  6097 | D:5      | Identified the +0 robe of Cocytus {Will+}
  7012 | D:2      | Bought a scroll of teleportation for 30 gold pieces
  7012 | D:2      | Bought a scroll of fear for 40 gold pieces
  7012 | D:2      | Bought a scroll of identify for 20 gold pieces
  7012 | D:2      | Bought a scroll of identify for 20 gold pieces
  7107 | D:6      | Found a staircase to the Ecumenical Temple.
  7120 | D:6      | Noticed Sigmund
  7129 | D:6      | Killed Sigmund
  7130 | D:6      | Reached skill level 10 in Stealth
  7141 | Temple   | Entered the Ecumenical Temple
  7163 | Temple   | Became a worshipper of Ru the Awakened
  7662 | D:6      | Noticed Edmund
  8007 | D:6      | Noticed Jeremiah
  8130 | D:5      | Killed Edmund
  8284 | D:6      | Noticed Pikel
  8292 | D:6      | Killed Pikel
  8884 | D:6      | Reached XP level 10. HP: 44/44 MP: 20/20
  8933 | D:6      | Killed Jeremiah
  9137 | D:6      | Gained mutation: You occasionally lose the ability to drink
                  | potions when taking damage. [Ru sacrifice]
  9137 | D:6      | Gained mutation: You sometimes lose the ability to drink
                  | potions when taking damage. [Ru sacrifice]
  9137 | D:6      | Reached * piety under Ru
 10313 | D:2      | Bought a scroll of identify for 20 gold pieces
 10313 | D:2      | Bought a scroll of teleportation for 30 gold pieces
 10313 | D:2      | Bought a scroll of poison for 40 gold pieces
 10698 | D:7      | Noticed Prince Ribbit
 10705 | D:7      | Killed Prince Ribbit
 10760 | D:7      | Found a shadowy altar of Dithmenos.
 10760 | D:7      | Found a radiant altar of Vehumet.
 11209 | D:2      | Bought a runed scarf for 200 gold pieces
 11436 | D:7      | Learned a level 2 spell: Blink
 11438 | D:7      | Learned a level 1 spell: Apportation
 11624 | D:8      | Noticed Maurice
 11631 | D:8      | Killed Maurice
 11632 | D:8      | Reached skill level 1 in Translocations
 12027 | D:8      | Identified a scroll of acquirement
 12028 | D:8      | Identified the of Hutuluor (You acquired it on level 8 of
                  | the Dungeon)
 12028 | D:8      | Acquired the Directory of the Illusory Yaks
 12153 | D:8      | Gained mutation: You cannot voluntarily change form. [Ru
                  | sacrifice]
 12153 | D:8      | Reached ** piety under Ru
 12877 | D:9      | Found a staircase to the Orcish Mines.
 13230 | D:10     | Entered Level 10 of the Dungeon
 13242 | D:10     | Found a stormy altar of Qazlal.
 13300 | D:10     | Found a transporter.
 13388 | D:10     | Reached XP level 11. HP: 47/47 MP: 15/23
 13493 | D:10     | Noticed dertzug's ghost (novice TrSh)
 13495 | D:10     | Noticed a six-headed hydra
 13498 | D:10     | Found a staircase to the Lair.
 13509 | D:10     | Found a hazy altar of Hepliaklqana.
 13512 | D:10     | Noticed a boulder beetle
 13517 | D:10     | Killed a boulder beetle
 13586 | D:10     | Reached skill level 10 in Dodging
 13685 | D:10     | Noticed a two-headed ogre
 13690 | D:10     | Killed a two-headed ogre
 13786 | D:10     | Found a burning altar of Makhleb.
 13847 | D:10     | Found a transporter.
 13863 | D:10     | Reached skill level 10 in Hexes
 13953 | D:10     | Found Arygg's Mass Market.
 14017 | D:10     | Found a glowing silver altar of Zin.
 14017 | D:10     | Noticed an angel
 14167 | Lair:1   | Entered Level 1 of the Lair of Beasts
 14186 | Lair:1   | Found a runed translucent door.
 14188 | Lair:1   | Noticed mojasp's ghost (journeyman OpSh)
 14527 | Lair:1   | Noticed a death yak
 14527 | Lair:1   | Noticed a death yak
 14554 | Lair:1   | Gained mutation: You cannot study or use magical devices.
                  | [Ru sacrifice]
 14554 | Lair:1   | Reached *** piety under Ru
 14554 | Lair:1   | Reached **** piety under Ru
 14771 | Lair:1   | Noticed an oklob plant
 14864 | Lair:1   | Reached skill level 15 in Stealth
 15202 | Lair:1   | Noticed a death yak
 15211 | Lair:1   | Noticed a death yak
 15255 | Lair:1   | Killed a death yak
 15256 | Lair:1   | Reached XP level 12. HP: 51/51 MP: 17/25
 15364 | Lair:1   | Killed a death yak
 15371 | Lair:1   | Killed a death yak
 15375 | Lair:1   | Killed a death yak
 15376 | Lair:1   | Reached skill level 10 in Short Blades
 15728 | Lair:1   | Identified the +7 spear "Newtslayer" {flame, rElec Dex+2}
 15960 | Lair:2   | Reached skill level 5 in Translocations
 16110 | Lair:2   | Found the ring of the Octopus King
 16261 | Lair:2   | Found a staircase to the Swamp.
 16261 | Lair:2   | Noticed an eleionoma
 16268 | Lair:2   | Killed an eleionoma
 16456 | Lair:2   | Reached skill level 10 in Spellcasting
 16564 | Lair:2   | Noticed Amaemon
 16588 | Lair:2   | Killed Amaemon
 16683 | Lair:2   | Identified a ring of the Octopus King {rCorr HP+2 AC+2 EV+2
                  | SH+2}
 16846 | Lair:2   | Reached XP level 13. HP: 55/55 MP: 21/28
 17273 | Lair:3   | Noticed Kirke
 17304 | Lair:2   | Gained mutation: You are slightly weak-willed. (Will-) [Ru
                  | sacrifice]
 17304 | Lair:2   | Reached ***** piety under Ru
 17534 | Lair:3   | Reached skill level 15 in Hexes
 17677 | Lair:3   | Found a staircase to the Snake Pit.
 17906 | Lair:3   | Killed Kirke
 18380 | Lair:4   | Noticed Snorg
 18384 | Lair:4   | Killed Snorg
 19101 | Lair:4   | Gained mutation: You cannot train Armour skill. [Ru
                  | sacrifice]
 19101 | Lair:4   | Reached ****** piety under Ru
 19732 | Lair:5   | Entered Level 5 of the Lair of Beasts
 19769 | Lair:5   | Found a viscous altar of Jiyva.
 19831 | Lair:5   | Found a staircase to the Slime Pits.
 20116 | Lair:5   | Reached XP level 14. HP: 59/59 MP: 29/29
 20881 | Lair:5   | Identified the +4 acid dragon scales of Jicvo {Fly rC+
                  | rCorr}
 22814 | D:12     | Identified the +6 glaive of Radicalism {vamp, rF++ rCorr}
 22877 | D:12     | Found a portal to a secret trove of treasure.
 23285 | D:12     | Upgraded the game from 0.31-a0-1036-g31867e143a to
                  | 0.31-a0-1057-g70f3316b05
 23650 | D:13     | Found a snail-covered altar of Cheibriados.
 24176 | D:13     | Found a gate to the Vaults.
 24183 | D:13     | Identified the +5 mace of the Doomed Warrior {vamp, rF+ rC+
                  | Stlth-}
 24241 | D:14     | Reached XP level 15. HP: 63/63 MP: 32/32
 24439 | D:14     | Noticed Rupert
 24442 | D:14     | Killed Rupert
 24753 | D:14     | Found a shimmering blue altar of Sif Muna.
 24917 | D:15     | Entered Level 15 of the Dungeon
 25149 | D:15     | Found a staircase to the Depths.
 25149 | D:15     | Noticed a fire giant
 26327 | Orc:1    | Entered Level 1 of the Orcish Mines
 26437 | Orc:1    | Found a frozen archway.
 26492 | IceCv    | Entered an ice cave
 26651 | IceCv    | Learned a level 8 spell: Discord
 26683 | IceCv    | Found the +12 glaive of Prune {freeze, Prune}
 26687 | IceCv    | Reached skill level 15 in Spellcasting
 26814 | Orc:2    | Entered Level 2 of the Orcish Mines
 27641 | Orc:2    | Found a staircase to the Elven Halls.
 28388 | Orc:2    | Found Daohismi's Weapon Shoppe.
 28530 | Orc:2    | Found Ruuz's Antique Armour Shop.
 28554 | Orc:2    | Found Guxiemix's Weapon Shoppe.
 28579 | Orc:2    | Found Daufaes's Antique Weapon Shoppe.
 28671 | Orc:2    | Reached XP level 16. HP: 41/67 MP: 29/36
 28954 | Depths:1 | Entered Level 1 of the Depths
 28968 | Depths:1 | Noticed a lich
 28969 | Depths:1 | Found a broken altar of Ashenzari.
 29061 | Depths:1 | Found a gateway to Hell.
 29305 | Depths:1 | Killed a lich
 29460 | Depths:1 | Found a one-way gate to the infinite horrors of the Abyss.
 29556 | Depths:1 | Upgraded the game from 0.31-a0-1057-g70f3316b05 to
                  | 0.31-a0-1059-g83d41fd8b6
 29575 | Depths:1 | Noticed a sphinx
 29629 | Depths:1 | You fall into a shaft and drop 1 floor!
 29642 | Depths:1 | Found a sacrificial altar of Ru.
 29808 | Depths:1 | Killed a sphinx
 29849 | Depths:1 | Noticed a tengu reaver
 29862 | Depths:1 | Killed a tengu reaver
 30009 | Depths:1 | Identified the +1 leather armour "Ricve" {Stlth+}
 30012 | Depths:1 | Noticed a lich
 30017 | Depths:1 | Killed a lich
 30215 | Depths:1 | Found a one-way gate leading to the halls of Pandemonium.
 30610 | Depths:2 | Found an iron altar of Okawaru.
 30864 | Depths:2 | Found Itiquac's Antique Weapon Shop.
 31226 | Depths:2 | Reached XP level 17. HP: 38/70 MP: 31/39
 31592 | Snake:1  | Entered Level 1 of the Snake Pit
 32572 | Snake:1  | Found Byri's Antique Weapon Shoppe.
 33039 | Snake:2  | Found Ycayscha's Book Shop.
 33108 | Snake:2  | Bought a book of Hexes for 468 gold pieces
 33113 | Snake:2  | Learned a level 4 spell: Passage of Golubria
 33119 | Snake:2  | Learned a level 5 spell: Yara's Violent Unravelling
 33144 | Snake:2  | Learned a level 7 spell: Enfeeble
 33150 | Snake:2  | Learned a level 5 spell: Metabolic Englaciation
 33235 | Snake:2  | Reached skill level 1 in Transmutations
 33542 | Snake:2  | Found Yzob's Armour Emporium.
 33689 | Snake:3  | Identified the +7 spear of the Slashing Boar {venom, rF+}
 34010 | Snake:3  | Found Niwk's Antique Armour Shop.
 34010 | Snake:3  | Found Carieliu's Book Boutique.
 34336 | Snake:3  | Identified the +5 chain mail "Ojeri" {Stlth+}
 34655 | Snake:3  | Reached skill level 5 in Transmutations
 34854 | Snake:4  | Entered Level 4 of the Snake Pit
 35607 | Snake:4  | Noticed Vashnia
 35618 | Snake:4  | Killed Vashnia
 35619 | Snake:4  | Reached skill level 15 in Dodging
 36201 | Snake:4  | Reached XP level 18. HP: 74/74 MP: 34/41
 36250 | Snake:4  | Reached skill level 1 in Fighting
 36561 | Snake:4  | Got a serpentine rune of Zot
 36787 | Swamp:1  | Entered Level 1 of the Swamp
 37069 | Elf:1    | Entered Level 1 of the Elven Halls
 37073 | Elf:1    | Reached skill level 5 in Fighting
 37082 | Elf:1    | Paralysed by an air elemental for 1 turns
 37097 | Elf:1    | Paralysed by an air elemental for 1 turns
 37553 | Elf:1    | Got the Notes on Assaults
 37601 | Elf:1    | Learned a level 5 spell: Irradiate
 37657 | Elf:1    | Found Zuafre's Weapon Boutique.
 37657 | Elf:1    | Found Kiempenaodgh's Antique Armour Boutique.
 37662 | Elf:1    | Found Missomasyd's Weapon Boutique.
 37665 | Elf:1    | Found Xayxef Ist's Antique Armour Boutique.
 37731 | Elf:1    | Noticed Frances
 37734 | Elf:1    | Killed Frances
 37883 | Elf:1    | Reached skill level 10 in Translocations
 38008 | Elf:1    | Found an ancient bone altar of Kikubaaqudgha.
 38017 | Elf:1    | Found Umar's Distillery.
 38025 | Elf:1    | Bought a potion of resistance for 130 gold pieces
 38025 | Elf:1    | Bought a potion of heal wounds for 65 gold pieces
 38428 | Swamp:1  | Reached skill level 1 in Conjurations
 39437 | Swamp:2  | Noticed Louise
 39552 | Swamp:2  | Killed Louise
 40639 | Swamp:3  | Identified the +1 robe of Teshraip {-Tele Will+ rCorr
                  | Dex+6}
 40804 | Swamp:4  | Entered Level 4 of the Swamp
 40879 | Swamp:4  | Reached XP level 19. HP: 90/90 MP: 42/42
 41099 | Swamp:4  | Reached skill level 10 in Transmutations
 41128 | Swamp:4  | Noticed Donald
 41133 | Swamp:4  | Killed Donald
 41701 | Swamp:4  | Got a decaying rune of Zot
 42109 | Vaults:1 | Entered Level 1 of the Vaults
 42613 | Vaults:1 | Reached skill level 5 in Conjurations
 42773 | Vaults:1 | You fall into a shaft and drop 1 floor!
 43405 | Vaults:2 | Found a glowing golden altar of the Shining One.
 43405 | Vaults:2 | Found a glowing silver altar of Zin.
 43415 | Vaults:2 | Found a white marble altar of Elyvilon.
 43415 | Vaults:2 | Found a crumbling gateway.
 43508 | Desolati | Entered the Desolation of Salt
 43570 | Desolati | Reached XP level 20. HP: 83/94 MP: 9/43
 43571 | Desolati | Identified the ring "Quosap" {rElec rPois Will+ Int-3
                  | Dex+5}
 43741 | Desolati | Identified the ring "Hero's Friend" {Drain rF+++ rC- rN++
                  | Dex+6}
 44004 | Desolati | Identified the +2 sling of Grace {flame, Fragile Will+
                  | Int+7 Stlth+}
 44315 | Desolati | Identified the +5 ring mail of the Locust {-Cast Harm *Slow
                  | Dex+8}
 44430 | Desolati | Gained mutation: You are dopey. (Int -2) [mutagenic glow]
 44675 | Desolati | Got the Lessons on the Fuming Union
 44677 | Desolati | Got the Precepts of Ozone
 44786 | Desolati | Got Juav's Tome of Transfiguration
 45099 | Vaults:2 | Upgraded the game from 0.31-a0-1059-g83d41fd8b6 to
                  | 0.31-a0-1066-g35875b34c7
 45166 | Vaults:2 | Reached skill level 15 in Translocations
 46594 | Vaults:3 | Found a staircase to the Crypt.
 46813 | Vaults:3 | Found Mosh's Antique Weapon Shop.
 47315 | Vaults:4 | Found a flickering gateway to a bazaar.
 47397 | Bazaar   | Entered a bazaar
 47397 | Bazaar   | Found Ofadit's Armour Emporium.
 47397 | Bazaar   | Found Ostreate's Weapon Shop.
 47397 | Bazaar   | Found Beudghirr's Antique Weapon Shoppe.
 47399 | Bazaar   | Found Haipireg's Weapon Boutique.
 47399 | Bazaar   | Found Direl's Assorted Antiques.
 47433 | Bazaar   | Bought a +1 cloak of willpower for 264 gold pieces
 47439 | Bazaar   | Bought a translucent robe for 119 gold pieces
 47439 | Bazaar   | Identified the +0 robe of Defence {rF- rCorr Dex+3} (You
                  | bought it in a shop in a bazaar)
 47440 | Bazaar   | Bought a potion of invisibility for 168 gold pieces
 47823 | Vaults:4 | Noticed Frederick
 47837 | Vaults:4 | Killed Frederick
 47892 | Vaults:4 | Reached XP level 21. HP: 77/102 MP: 33/44
 47940 | Vaults:4 | Learned a level 8 spell: Disjunction
 48606 | Vaults:4 | Identified the +5 ring mail "Ukuowir" {+Blink rC+}
 49456 | Vaults:5 | Entered Level 5 of the Vaults
 49776 | Vaults:5 | Noticed a dread lich
 49856 | Vaults:5 | Noticed a golden dragon
 49870 | Vaults:5 | Noticed Mara
 49911 | Vaults:5 | Noticed an ancient lich
 49914 | Vaults:5 | Noticed a golden dragon
 50006 | Vaults:5 | Got a silver rune of Zot
 50011 | Vaults:5 | Identified the ring "Uzekk" {rElec AC+4 Dex+4}
 50023 | Vaults:5 | Noticed Margery
 50025 | Vaults:5 | Noticed a golden dragon
 51491 | Vaults:1 | Reached XP level 22. HP: 109/109 MP: 41/45
 51645 | Vaults:1 | Identified the +1 pair of boots of Hedge Wizardry {Dex+4}
 52340 | Depths:3 | Found a basalt altar of Yredelemnul.
 52867 | Depths:3 | Found an iron altar of Okawaru.
 53406 | Depths:3 | Noticed a caustic shrike
 53407 | Depths:3 | Noticed a caustic shrike
 53410 | Depths:3 | Killed a caustic shrike
 53411 | Depths:3 | Reached skill level 10 in Fighting
 54015 | Depths:3 | Noticed a caustic shrike
 54027 | Depths:2 | Killed a caustic shrike
 54137 | Depths:3 | Found an opulent altar of Gozag.
 54318 | Depths:3 | Noticed a golden dragon
 54341 | Depths:3 | Found a hide-covered altar of Uskayaw.
 54382 | Depths:3 | Upgraded the game from 0.31-a0-1066-g35875b34c7 to
                  | 0.31-a0-1068-g5939ac1fb6
 54422 | Depths:3 | Identified the +0 leather armour of Hadghil {rPois rF+++
                  | rN++ Str-3}
 54581 | Depths:3 | Killed a caustic shrike
 54661 | Depths:3 | Killed a golden dragon
 54692 | Depths:3 | Acquired 714 gold pieces
 54831 | Depths:3 | Killed a caustic shrike
 55036 | Depths:3 | Got Unaw's Vellum of the Tempest and the Quake
 55039 | Depths:3 | Got the Octavo of Dislocation
 55152 | Depths:3 | Identified the +0 war axe of Resumed Hostilities {flame,
                  | Int-2 Dex+6 SInv}
 55329 | Depths:4 | Entered Level 4 of the Depths
 55374 | Depths:4 | Found a radiant altar of Vehumet.
 55525 | Depths:4 | Found a shimmering altar of Xom.
 55530 | Depths:4 | Noticed a golden dragon
 55669 | Depths:4 | Reached XP level 23. HP: 115/115 MP: 42/46
 55687 | Depths:4 | Found a one-way gateway to a ziggurat.
 56199 | Depths:4 | Found a runed translucent door.
 56376 | Depths:4 | Found a runed translucent door.
 56475 | Depths:4 | Found a runed translucent door.
 56534 | Depths:4 | Found a runed translucent door.
 56545 | Depths:4 | Found a runed translucent door.
 56623 | Depths:4 | Found a runed translucent door.
 56796 | Depths:4 | Found a gate to the Realm of Zot.
 57050 | Zot:1    | Entered Level 1 of the Realm of Zot
 57114 | Zot:1    | Reached skill level 15 in Short Blades
 58353 | Zot:2    | Noticed a Killer Klown
 58353 | Zot:2    | Noticed a Killer Klown
 58354 | Zot:2    | Found a shimmering altar of Xom.
 58355 | Zot:2    | Noticed a Killer Klown
 58356 | Zot:2    | Noticed a Killer Klown
 58368 | Zot:2    | Killed a Killer Klown
 58368 | Zot:2    | Killed a Killer Klown
 58375 | Zot:2    | Killed a Killer Klown
 58805 | Zot:2    | a Killer Klown changed into a juggernaut
 58805 | Zot:2    | Noticed a juggernaut
 58810 | Zot:2    | Killed a juggernaut
 59284 | Zot:2    | Found a shimmering altar of Xom.
 59284 | Zot:2    | Found a shimmering altar of Xom.
 59284 | Zot:2    | Found a glowing silver altar of Zin.
 59321 | Zot:2    | Found a shimmering altar of Xom.
 59458 | Zot:2    | Found an ancient bone altar of Kikubaaqudgha.
 59908 | Zot:3    | Reached XP level 24. HP: 120/120 MP: 46/48
 60006 | Zot:3    | Noticed Parghit
 60014 | Zot:3    | Killed Parghit
 60651 | Zot:4    | Learned a level 2 spell: Passwall
 60658 | Zot:4    | Learned a level 6 spell: Dispersal
 61323 | Zot:5    | Entered Level 5 of the Realm of Zot
 61324 | Zot:5    | Found a runed translucent door.
 61486 | Zot:5    | Reached skill level 15 in Transmutations
 61787 | Zot:5    | Noticed dertzug's ghost (master MiFi)
 61990 | Zot:5    | Noticed an ancient lich
 61994 | Zot:5    | Noticed a Killer Klown
 62000 | Zot:5    | Noticed an orb of fire
 62001 | Zot:5    | Noticed a Killer Klown
 62004 | Zot:5    | Killed a Killer Klown
 62011 | Zot:5    | Killed a Killer Klown
 62029 | Zot:5    | Noticed a Killer Klown
 62106 | Zot:5    | Noticed a Killer Klown
 62125 | Zot:5    | Killed a Killer Klown
 62129 | Zot:5    | Noticed an orb of fire
 62130 | Zot:5    | Noticed an orb of fire
 62131 | Zot:5    | Got the Orb of Zot
 62132 | Zot:5    | Noticed an ancient lich
 62135 | Zot:5    | Gained mutation: Your body sometimes deteriorates upon
                  | taking damage. [an orb of fire]
 62142 | Zot:5    | Gained mutation: Your magical capacity is low. (-10% MP)
                  | [an orb of fire]
 62148 | Zot:5    | Gained mutation: You are clumsy. (Dex -2) [mutagenic glow]
 62172 | Zot:4    | Gained mutation: You sometimes lose your temper in combat.
                  | [mutagenic glow]
 62193 | Zot:3    | Noticed Samyar the pandemonium lord
 62200 | Zot:3    | Gained mutation: Your magical capacity is very low. (-20%
                  | MP) [mutagenic glow]
 62697 | D:$      | Escaped with the Orb!

Illustrated notes

Levels and vault maps discovered:
D:1:      roderic_crop_circles_arrival_small, layout_loops_cross,
          ebering_ecumenical_altar_box
D:2:      layout_rooms, serial_shops, nicolae_shop_crystal,
          nicolae_shop_rolled_up, shop, shop, nicolae_shop_hallway_stairs,
          basic_altar, dk_vineyard_2, minmay_lizard_king
D:3:      layout_loops_ring, lemuel_crystal_altar, cheibrodos_sewer_entry_bend,
          grunt_ministairs_8, patterned_corridor, uniq_grinder
D:4:      kennysheep_six_static_rooms, layout_gridville, uniq_robin,
          uniq_blork_the_orc, uniq_eustachio, uniq_duvessa, uniq_menkaure
D:5:      layout_loops_corners, serial_shops, nicolae_shop_overgrown_old_shop,
          minmay_liquid_box, minmay_fire_ice_demons
D:6:      minmay_goblin_kobold_castle, layout_basic,
          minmay_temple_entry_butterflies, uniq_jeremiah, uniq_edmund,
          uniq_pikel, uniq_sigmund
D:7:      layout_gridville, jmf_multi_god_temple, uniq_prince_ribbit1
D:8:      layout_cave_pools, uniq_maurice
D:9:      layout_loops_ring, orc_0_dummy
D:10:     layout_loops_ring, lemuel_round_altar,
          nicolae_qazlal_general_emergency, zin_angel, lightli_temple_of_fire,
          lair_entry_dummy, gammafunk_ghost_berserking_beasts, minmay_shop_mass,
          st_stairs_13, minmay_between
D:11:     layout_long_grid
D:12:     layout_loops_ring, trove_entry_hex_spiral, minivault_26
D:13:     layout_rooms, grunt_vaults_entry_tiered, drop_trap, slow_altar_2
D:14:     layout_loops_ring, hellmonk_sif_muna_bookshelves,
          minmay_quadrilaterals, uniq_rupert
D:15:     grunt_enter_depths_giant_problem, layout_irregular_city,
          minmay_misc_feat_columns
Temple:   nicolae_temple_superstar
Lair:1:   minmay_lair_oklob_tunnel, layout_cave_pods,
          ebering_ghost_funeral_grove, grunt_forest_large_clearing_hut,
          grunt_megastairs_1
Lair:2:   layout_small_grid, alex1729_swamp_entry_worm_eleionoma, uniq_amaemon
Lair:3:   layout_chaotic_city, minmay_snake_entry_guardpost_small, uniq_kirke
Lair:4:   layout_regular_city, grunt_megastairs_3, uniq_snorg
Lair:5:   grunt_lair_end_beastmaster, layout_gridlike,
          nicolae_slime_entry_field_trip, serial_bayou_pond_d,
          chequers_serial_rivers_micro_b
Swamp:1:  nicolae_swamp_ascending_descending, layout_basic_swamp,
          evilmike_swamp_ruin_house_6
Swamp:2:  layout_falls_marsh, evilmike_swamp_ruin_house_2,
          infiniplex_staircase_pool, uniq_louise
Swamp:3:  layout_falls_marsh, evilmike_swamp_ruin_house_1, swamp_pool_1_2,
          nicolae_swamp_fairy_circle, worms_lemuel
Swamp:4:  swamp, layout_basic_swamp, uniq_donald
Snake:1:  nicolae_snake_crotalidae_crossing, layout_basic, serial_shops,
          nicolae_shop_back_alley_shop, nicolae_snake_round_shape_thing,
          serial_bayou_pond_d, nicolae_snake_guarding_the_ruins
Snake:2:  layout_misc_corridors, serial_shops, shop, shop, drop_trap,
          grunt_ministairs_12, serial_bayou_shore_b
Snake:3:  layout_cave_town, minmay_shoptagon
Snake:4:  grunt_snake_rune_pools, layout_grid_maze, uniq_vashnia
Orc:1:    layout_caves, portal_ice_cave_entry_pillars_1
Orc:2:    hellmonk_orc_salted, layout_caves, basic_altar, minmay_orc_temple_a
Elf:1:    layout_geoelf_octagon, serial_shops, nicolae_shop_stone, basic_altar,
          minmay_elf_annihilation, st_stairs_4, minmay_shop_grid_forest,
          evilmike_ambush [evilmike_ambush_outer_corners,
          evilmike_ambush_inner_pond], uniq_frances
Vaults:1: nicolae_vaults_tetromino_Z_2, ontoclasm_vaults_gateway,
          nicolae_vaults_alarming, minmay_orc_keep,
          nicolae_vaults_branching_niches, ontoclasm_vaults_pinch, v_misc_17,
          nicolae_vaults_little_squares_6, nicolae_vaults_double_plus_1,
          layout_vaults_omnigrid
Vaults:2: portal_desolation_entry_holy_temple, grunt_vaults_bifocal,
          nicolae_vaults_c_with_doors, nicolae_vaults_prndl,
          vaults_standard_mumra_x, nicolae_vaults_little_squares_5,
          v_alt_pattern_1, hangedman_vaults_stagger, vaults_mumra_hex,
          nicolae_vaults_yaktaur_gun_rack, dpeg_vaults_monster_box,
          layout_vaults_big_room
Vaults:3: v_misc_25, v_misc_24, minmay_crypt_entry_simple_round,
          nicolae_vaults_display_case, nicolae_vaults_oval_intersection,
          nicolae_vaults_little_squares_4, v_misc_19,
          nicolae_vaults_mini_display_case, nicolae_vaults_prndl,
          hangedman_vaults_restitches, nicolae_vaults_little_squares_5,
          v_pattern_4, nicolae_vaults_trapezoid_1, nicolae_vaults_trapezoid_2,
          nicolae_vaults_tetromino_T_1, layout_vaults_omnicross, serial_shops,
          nicolae_shop_tiny_waterfront
Vaults:4: hangedman_vaults_stream, hangedman_vaults_nails, vaults_dpeg_doors,
          nicolae_vaults_closet_pinwheel_4, nicolae_vaults_diamond_1, v_misc_15,
          ontoclasm_vaults_echo, nicolae_vaults_heart-shaped_vault,
          nicolae_vaults_house_1, nicolae_vaults_more_shelving_2, v_pattern_3,
          grunt_vaults_focal, nicolae_vaults_double_plus_1, layout_vaults_ring,
          serial_shops, bzr_entry_water, uniq_frederick
Vaults:5: serial_shops, uniq_mara, uniq_margery
Depths:1: layout_basic, rand_demon_pan_entry_9, abyss_entry,
          evilmike_ruin_ashenzari, hell_entry, hangedman_decor_diamond_cutter,
          nicolae_ru_sacrificial_ziggurat
Depths:2: minmay_polygon_palace, layout_basic, grunt_pan_entry_spiral,
          hell_entry, serial_curves, eino_curves_04, eino_curves_02,
          eino_curves_04, hangedman_decor_growths, serial_shops,
          nicolae_shop_tiny_real_fake_doors, okawaru_gym_becter
Depths:3: grunt_profane_halls [grunt_profane_temple_tar,
          grunt_profane_temple_geh, grunt_profane_temple_dis,
          grunt_profane_temple_coc, grunt_profane_loot], abyss_entry, hell_entry
Depths:4: evilmike_zot_entry_castle, layout_long_grid, enter_ziggurat_b,
          hell_entry, vehumet_crystals, xom_teletrap_fun
Zot:1:    layout_onion_interference
Zot:2:    dreamdust_zin_vs_xom, layout_concentric_octagons,
          regret_index_zotdec_golden_two_three
Zot:3:    layout_gridlike, regret_index_zotdec_silver_v_v_loose, uniq_parghit
Zot:4:    minmay_elemental_castle, layout_twisted_circle, st_stairs_6
Zot:5:    layout_twisted_circle, gammafunk_ghost_grave

Skill      XL: |  1  2  3  4  5  6  7  8  9 10 11 12 13 14 15 16 17 18 19 20 21 22 23 24 |
---------------+-------------------------------------------------------------------------+-----
Hexes          | 4 5 7 8 9 11 13 18 19 21 22 24 | 24.0
Ice Magic      | 1 2 4 |  4.0
Spellcasting   | 5 6 7 8 10 12 15 17 18 20 21 | 21.0
Dodging        | 4 7 8 9 11 12 15 17 18 19 21 22 | 22.5
Short Blades   | 3 5 6 7 9 10 12 14 16 18 | 18.5
Stealth        | 6 9 12 13 15 18 20 22 23 24 | 24.0
Translocations | 3 4 8 11 12 20 21 22 23 24 | 24.0
Transmutations | 8 9 12 14 15 | 15.0
Fighting       | 6 8 9 10 | 10.5
Conjurations   | 2 6 7 8 |  8.0

Action                     |  1- 3 |  4- 6 |  7- 9 | 10-12 | 13-15 | 16-18 | 19-21 | 22-24 || total
---------------------------+-------+-------+-------+-------+-------+-------+-------+-------++-------
  Melee: Dagger            |   127 |    80 |   346 |   369 |   597 |   474 |   537 |   424 ||  2954
         Punch             |     2 |     2 |     3 |       |       |       |       |       ||     7
  Throw: Dart              |       |       |       |     2 |       |       |       |     1 ||     3
   Cast: Ensorcelled Hiber |     9 |    25 |    93 |   159 |   237 |   196 |   145 |   103 ||   967
         Tukima's Dance    |       |     4 |    34 |    19 |    13 |     8 |       |       ||    78
         Confusing Touch   |       |       |     8 |     6 |    33 |    18 |     9 |     3 ||    77
         Discord           |       |       |       |       |    12 |    28 |    62 |    48 ||   150
         Enfeeble          |       |       |       |       |       |    12 |    41 |    78 ||   131
         Yara's Violent Un |       |       |       |       |       |    10 |     7 |     6 ||    23
         Irradiate         |       |       |       |       |       |     5 |    28 |     2 ||    35
         Blink             |       |       |       |       |       |     4 |     2 |     1 ||     7
         Metabolic Englaci |       |       |       |       |       |       |     2 |     1 ||     3
         Disjunction       |       |       |       |       |       |       |     1 |     1 ||     2
         Apportation       |       |       |       |       |       |       |       |     1 ||     1
         Dispersal         |       |       |       |       |       |       |       |     1 ||     1
 Invoke: Sacrifice Drink   |       |       |       |     1 |       |       |       |       ||     1
         Sacrifice Forms   |       |       |       |     1 |       |       |       |       ||     1
         Sacrifice Artific |       |       |       |     1 |       |       |       |       ||     1
         Sacrifice Essence |       |       |       |       |     1 |       |       |       ||     1
         Sacrifice Durabil |       |       |       |       |     1 |       |       |       ||     1
         Apocalypse        |       |       |       |       |       |     3 |     1 |       ||     4
         Draw Out Power    |       |       |       |       |       |     1 |     1 |     2 ||     4
  Evoke: Wand              |       |     2 |     6 |     1 |       |       |       |       ||     9
    Use: Scroll            |       |     2 |     3 |     8 |     9 |     7 |     2 |    15 ||    46
         Potion            |       |       |     2 |       |     1 |     7 |     5 |     3 ||    18
   Stab: Sleeping          |    15 |    24 |    74 |   158 |   255 |   222 |   152 |   108 ||  1008
         Invisible         |       |     1 |       |       |     8 |     5 |    50 |   109 ||   173
         Confused          |       |       |     7 |     6 |    32 |    15 |    10 |     1 ||    71
         Distracted        |       |       |       |     3 |     3 |     7 |    13 |     8 ||    34
         Petrified         |       |       |       |       |     2 |       |       |       ||     2
         Paralysed         |       |       |       |       |     1 |     3 |     1 |     1 ||     6
 Armour: Robe              |    24 |    13 |    94 |    50 |    99 |   114 |   122 |    76 ||   592
  Dodge: Dodged            |    76 |    41 |   286 |   269 |   435 |   276 |   417 |   293 ||  2093

Table legend: (Time is in decaauts)
 A = Elapsed time spent in this place.
 B = Non-inter-level travel time spent in this place.
 C = Inter-level travel time spent in this place.
 D = Time resting spent in this place.
 E = Time spent auto-exploring this place.
 F = Levels seen in this place.
 G = Mean time per level.
                   A        B        C        D        E       F      G
               +--------+--------+--------+--------+--------+-----+--------+
         Total |  46387 |  43249 |   3138 |  11559 |  20144 |  50 |  927.7 |
       Dungeon |  13689 |  12039 |   1650 |   2048 |   6770 |  15 |  912.6 |
        Temple |     27 |      2 |     25 |      0 |      0 |   1 |   27.0 |
          Lair |   5437 |   5084 |    353 |   1128 |   2917 |   5 | 1087.4 |
         Swamp |   2861 |   2718 |    143 |    778 |   1179 |   4 |  715.2 |
     Snake Pit |   3702 |   3582 |    120 |    963 |   1856 |   4 |  925.5 |
  Orcish Mines |   1713 |   1603 |    110 |    540 |    647 |   2 |  856.5 |
   Elven Halls |    852 |    819 |     33 |    318 |    329 |   1 |  852.0 |
        Vaults |   5988 |   5691 |    297 |   1956 |   2141 |   5 | 1197.6 |
        Depths |   5609 |   5297 |    312 |   1904 |   1786 |   4 | 1402.2 |
           Zot |   3725 |   3634 |     91 |   1152 |   1575 |   5 |  745.0 |
        Bazaar |     39 |     39 |      0 |      0 |     22 |   1 |   39.0 |
         Sewer |   1400 |   1400 |      0 |    353 |    702 |   1 | 1400.0 |
      Ice Cave |    178 |    178 |      0 |     54 |      0 |   1 |  178.0 |
    Desolation |   1161 |   1161 |      0 |    359 |    217 |   1 | 1161.0 |
               +--------+--------+--------+--------+--------+-----+--------+

Top non-repeatable levels by time:
Vaults:1: 1802 daAuts
     D:6: 1796 daAuts
     D:5: 1659 daAuts
Depths:3: 1609 daAuts
Depths:2: 1477 daAuts
Vaults:4: 1459 daAuts
   Sewer: 1400 daAuts
   Zot:2: 1352 daAuts
 Snake:4: 1331 daAuts
Vaults:3: 1291 daAuts
  Lair:1: 1284 daAuts
Depths:4: 1284 daAuts
  Lair:2: 1261 daAuts
Depths:1: 1238 daAuts
   Orc:2: 1212 daAuts
